[Event "Schack-SM 2023: Sverigemastarklassen"]
[Site "Helsingborg Arena, Mellersta Stenbocksgatan 14, Helsingborg, Sweden"]
[Date "2023.07.02"]
[Round "2.4"]
[White "Ernst, Thomas"]
[Black "Pantzar, Milton"]
[Result "1/2-1/2"]
[TimeControl "90 minutes for 40 moves + 30 minutes for the rest of the game + 30 seconds per move from move one."]
[WhiteTitle "GM"]
[BlackTitle "IM"]
[WhiteElo "2288"]
[BlackElo "2442"]

1. e4 c6 2. d4 d5 3. Nd2 dxe4 4. Nxe4 Nf6 5. Nxf6+ exf6 6. c3 Bd6 7. Bd3 O-O 8. Qc2 Re8+ 9.
Ne2 h5 10. O-O h4 11. Be3 h3 12. g3 Na6 13. a3 Nc7 14. c4 Ne6 15. Rfe1 Ng5 16. Bxg5 fxg5 17. Nc3 Bd7 18. Bh7+ Kh8 19.
Bf5 g4 20. Re4 Qc8 21. Bxd7 Qxd7 22. Rae1 f5 23. R4e2 Bf8 24. d5 Rxe2 25. Qxe2 Rd8 26. Kf1 cxd5 27. cxd5 Bc5 28. Qe5 b5 29.
b4 Bd6 30. Qe6 a6 31. Qg6 Qc8 32. Ne2 Be5 33. Nf4 Qc4+ 34. Kg1 Qc3 35. Kf1 Qc4+ 36. Kg1 Qc3 37. Kf1 Bxf4 38. gxf4 Rf8 39.
Re8 Qd3+ 40. Ke1 Qc3+ 41. Kf1 Qc1+ 42. Ke2 Qb2+ 43. Kf1 Qb1+ 44. Ke2 Qc2+ 45. Ke1 Qb1+ 46. Ke2 Qa2+ 47. Kf1 Qc4+ 48.
Ke1 Qc1+ 49. Ke2 Qc2+ 50. Ke1 1/2-1/2

[Event "Schack-SM 2023: Mastarklassen-elit"]
[Site "Helsingborg Arena, Mellersta Stenbocksgatan 14, Helsingborg, Sweden"]
[Date "2023.07.02"]
[Round "2.3"]
[White "Thorn, Eric"]
[Black "Soderstrom, Adrian"]
[Result "1-0"]
[TimeControl "90 minutes for 40 moves + 30 minutes for the rest of games + 30 seconds per move from move one."]
[WhiteTitle "FM"]
[BlackTitle "FM"]
[WhiteElo "2379"]
[BlackElo "2311"]

1. c4 c6 2. Nf3 d5 3. g3 dxc4 4. Bg2 Nd7 5. Qc2 Nb6 6. Na3 Qd5 7. b3 cxb3 8. axb3 Nf6 9. Nc4 Qd8 10.
O-O g6 11. Bb2 Bg7 12. e4 O-O 13. d4 Be6 14. Na5 Rb8 15. h3 Qc8 16. Kh2 h6 17. Ne5 Nbd7 18. Nd3 Ne8 19. Rfc1 Nd6 20.
Nf4 Nb6 21. Qe2 Bd7 22. e5 Nb5 23. d5 e6 24. dxc6 bxc6 25. Nxc6 Bxc6 26. Rxc6 Nc7 27. Rac1 Nba8 28. Ba3 Rd8 29. Bd6 Rd7 30. Qc2 Qd8 31.
Rc4 Nd5 32. Bxb8 1-0

[Event "Schack-SM 2023: Mastarklassen"]
[Site "Helsingborg Arena, Mellersta Stenbocksgatan 14, Helsingborg, Sweden"]
[Date "2023.07.02"]
[Round "2.5"]
[White "Mardell, Jimmy"]
[Black "Soppela, Toni"]
[Result "1-0"]
[TimeControl "90 minutes for 40 moves + 30 minutes for the rest of games + 30 seconds per move from move one."]
[WhiteElo "2160"]
[BlackElo "2032"]

1. d4 Nf6 2. c4 c5 3. d5 e6 4. Nc3 exd5 5. cxd5 d6 6. e4 g6 7. Nge2 Bg7 8. Ng3 a6 9. a4 Nbd7 10.
Be2 h5 11. O-O Ng4 12. h3 Bd4 13. Nh1 Nde5 14. Bf4 g5 15. Bd2 Qf6 16. Qc1 Qg6 17. Ra3 Bd7 18. Ng3 h4 19. Nf5 Bxf5 20. exf5 Qxf5 21. Bxg4 Nxg4 22. hxg4 Qxg4 23. Qe1+ Kf8 24. Qe4 Qd7 25. Re1 h3 26.
Bxg5 Rh5 27. Qe7+ Qxe7 28. Bxe7+ Kg7 29. Bxd6 h2+ 30. Kh1 Bxf2 31. g4 Rh6 32. Re2 Bg1 33. Be7 c4 34. a5 Rb8 35.
Ra4 b5 36. axb6 Rhxb6 37. Rxc4 Rxb2 38. Rxb2 Rxb2 39. Bc5 Bxc5 40. Rxc5 Rd2 41. Ra5 Rc2 42. Ne4 Rc4 43. Ng3 Rxg4 44.
Kxh2 Rg6 45. Ne4 Rb6 46. d6 Kf8 47. Rd5 Rb5 48. Rd4 f5 49. d7 1-0

[ePGN "0.1;DGT LiveChess/2.2.5"]

[Event "Schack-SM 2023: Mastarklassen"]
[Site "Helsingborg Arena, Mellersta Stenbocksgatan 14, Helsingborg, Sweden"]
[Date "2023.07.01"]
[Round "1.1"]
[White "Liden, Tommy"]
[Black "Lundin, Jan"]
[Result "0-1"]
[TimeControl "90 minutes for 40 moves + 30 minutes for the rest of games + 30 seconds per move from move one."]
[BlackTitle "FM"]
[WhiteElo "2107"]
[BlackElo "2203"]

1. e4 c6 2. d4 d5 3. e5 Bf5 4. Nf3 e6 5. Be2 Nd7 6. O-O Bg6 7. Nbd2 Nh6 8. Nb3 Be7 9. a4 O-O 10.
Bxh6 gxh6 11. Ne1 c5 12. c3 cxd4 13. cxd4 Rc8 14. a5 Nb8 15. f4 Nc6 16. g4 Be4 17. Bf3 Kh8 18. Kh1 f6 19.
Qe2 fxe5 20. fxe5 Nb4 21. Rd1 Bg6 22. Qd2 Kg7 23. Rc1 Qd7 24. Nc5 Bxc5 25. dxc5 Qb5 26. Ng2 Nd3 27. Be2 Nf2+ 28.
Kg1 Nh3+ 29. Kh1 Rxf1+ 30. Bxf1 Qa4 31. b4 Rf8 32. Qe3 Nf2+ 33. Kg1 Qxb4 34. Nf4 Qxf4 35. Qb3 0-1

[Event "Schack-SM 2023: Mastarklassen"]
[Site "Helsingborg Arena, Mellersta Stenbocksgatan 14, Helsingborg, Sweden"]
[Date "2023.07.01"]
[Round "1.2"]
[White "Cederstam, Carl"]
[Black "Sundin, Emanuel"]
[Result "1/2-1/2"]
[TimeControl "90 minutes for 40 moves + 30 minutes for the rest of games + 30 seconds per move from move one."]
[WhiteTitle "FM"]
[WhiteElo "2196"]
[BlackElo "2103"]

1. c4 e5 2. g3 Nf6 3. Bg2 c6 4. Nf3 e4 5. Nd4 d5 6. cxd5 Qb6 7. Nb3 cxd5 8. Nc3 Nc6 9. d3 Be7 10.
O-O O-O 11. Be3 d4 12. Nxd4 Nxd4 13. dxe4 Rd8 14. Nd5 Nxd5 15. exd5 Bc5 16. Rc1 Bg4 17. Bxd4 Bxd4 18. Rc4 Re8 19.
Qxd4 Bxe2 20. Qxb6 axb6 21. Rc7 Bxf1 22. Bxf1 Rxa2 23. d6 Rd8 24. Bc4 Ra1+ 25. Kg2 Rd1 26. Rxf7 Kh8 27. Rxb7 R1xd6 28. b3 g6 29. h4 R8d7 30. Rb8+ Kg7 31. Rg8+ Kf6 32. Kf3 Rd8 33. Rxd8 Rxd8 34. Ke4 Rd2 35. f3 Rg2 36. Kf4 Rg1 37. Bd5 b5 38. Bc6 b4 39.
Bd5 Re1 40. Bc4 Re7 41. Bd5 Re1 42. Bc4 Re5 43. Bg8 h6 44. Bc4 Re7 45. Bd5 Re1 46. Bc4 Re5 47. Bg8 Re8 48. Bc4 Re5 49.
Bg8 Re8 50. Bc4 Re5 1/2-1/2

[ePGN "0.1;DGT LiveChess/2.2.5"]

[Event "Schack-SM 2023: Veteran-SM 65+"]
[Site "Helsingborg Arena, Mellersta Stenbocksgatan 14, Helsingborg, Sweden"]
[Date "2023.07.01"]
[Round "1.1"]
[White "Holst, Conny"]
[Black "Vrabec, Josip"]
[Result "0-1"]
[TimeControl "90 minutes for 40 moves + 30 minutes for the rest of games + 30 seconds per move from move one."]
[WhiteTitle "FM"]
[WhiteElo "2156"]
[BlackElo "1877"]

1. d4 Nf6 2. c4 g6 3. Nc3 Bg7 4. e4 d6 5. Be2 O-O 6. Bg5 Nbd7 7. Qd2 c6 8. Nf3 e5 9. O-O exd4 10.
Nxd4 Nc5 11. f3 Nfxe4 12. Nxe4 Nxe4 13. fxe4 Bxd4+ 14. Kh1 Qb6 15. Be7 Re8 16. Bxd6 Bg7 17. e5 Bxe5 18. c5 Qxb2 19.
Qe3 Bf5 20. Bc4 Bxd6 21. Qh6 Bf8 22. Qh4 Re4 23. Bxf7+ Kg7 24. Qg3 Qe5 25. Qb3 Qe7 26. Bc4 Re8 27. Rad1 Re3 28. Qb2+ Kh6 29.
h3 Qe4 30. Rd4 Rxh3+ 31. Kg1 Bxc5 0-1

[ePGN "0.1;DGT LiveChess/2.2.5"]

[Event "Schack-SM 2023: Veteran-SM 50+"]
[Site "Helsingborg Arena, Mellersta Stenbocksgatan 14, Helsingborg, Sweden"]
[Date "2023.07.01"]
[Round "1.1"]
[White "Petersson, Kjell"]
[Black "Kirppo, Ronny"]
[Result "1-0"]
[TimeControl "90 minutes for 40 moves + 30 minutes for the rest of games + 30 seconds per move from move one."]
[WhiteTitle "CM"]
[WhiteElo "2061"]
[BlackElo "1886"]

1. d4 Nf6 2. Bf4 d5 3. e3 e6 4. Nf3 c5 5. c3 Bd6 6. Nbd2 Nc6 7. Bg3 O-O 8. Bd3 b6 9. e4 dxe4 10.
Nxe4 Nxe4 11. Bxe4 Bb7 12. dxc5 Bxc5 13. Qa4 Qe8 14. Bxh7+ Kh8 15. Qh4 g5 16.
Qh6 1-0

[Event "Schack-SM 2023: Mastarklassen"]
[Site "Helsingborg Arena, Mellersta Stenbocksgatan 14, Helsingborg, Sweden"]
[Date "2023.07.01"]
[Round "1.3"]
[White "Muntean, Victor"]
[Black "Frisk, Ellinor"]
[Result "1-0"]
[TimeControl "90 minutes for 40 moves + 30 minutes for the rest of games + 30 seconds per move from move one."]
[BlackTitle "WIM"]
[WhiteElo "2097"]
[BlackElo "2178"]

1. e4 d5 2. exd5 Nf6 3. d4 Nxd5 4. c4 Nb6 5. Nc3 e5 6. Qe2 Be7 7. dxe5 Be6 8. Qe4 Nc6 9. Be3 O-O 10.
Rd1 Qc8 11. c5 Nd7 12. Nf3 Nxc5 13. Bxc5 Bxc5 14. Bd3 g6 15. Qf4 Bg4 16. Nd5 Bxf3 17. gxf3 Qe6 18. Nf6+ Kh8 19. Qh4 Qxe5+ 20. Kf1 Kg7 21. Nd7 Be7 22. Qc4 Qh5 23. Kg2 Ne5 24. Nxe5 Qxe5 25. f4 Qxb2 26. Qxc7 Bf6 27. Rb1 Qxa2 28.
Qxb7 a5 29. Qf3 Rab8 30. h4 h5 31. f5 Rxb1 32. Rxb1 Bxh4 33. Rb6 Rd8 34. Bb1 Qd5 35. Be4 Qd4 36. Rb7 Rd7 37. Rxd7 Qxd7 38.
Qc3+ Kh6 39. Qxa5 Qd4 40. Qe1 Bxf2 41. Qe2 Bh4 42. fxg6 fxg6 43. Qf3 Qd6 44. Qe3+ g5 45. Bf5 Qd5+ 46.
Be4 Qa2+ 47. Kh1 Bf2 48. Qc3 g4 49. Qf6# 1-0

[Event "Schack-SM 2023: Veteran-SM 65+"]
[Site "Helsingborg Arena, Mellersta Stenbocksgatan 14, Helsingborg, Sweden"]
[Date "2023.07.01"]
[Round "1.2"]
[White "Gromark, Per-Olof"]
[Black "Soderberg, Per"]
[Result "0-1"]
[TimeControl "90 minutes for 40 moves + 30 minutes for the rest of games + 30 seconds per move from move one."]
[BlackTitle "CM"]
[WhiteElo "1875"]
[BlackElo "2111"]

1. c4 e6 2. e4 c5 3. Nc3 Nc6 4. g3 Nf6 5. Bg2 Be7 6. Nge2 O-O 7. O-O a6 8. d3 Rb8 9. a4 b6 10.
h3 Bb7 11. Be3 Qc7 12. Qd2 Rbd8 13. f4 Na5 14. Qc2 d5 15. cxd5 exd5 16. Bf2 d4 17. Nb1 Nxe4 18. dxe4 d3 19.
Qd1 dxe2 20. Qxe2 Nb3 21. Ra2 c4 22. Nc3 Rd2 23. Qe1 Bc5 24. Bxc5 Qxc5+ 25. Rf2 Rc2 26. Bf3 Nc1 27. b4 cxb3 28.
Raxc2 Nd3 29. Qf1 bxc2 0-1

[Event "Schack-SM 2023: Veteran-SM 50+"]
[Site "Helsingborg Arena, Mellersta Stenbocksgatan 14, Helsingborg, Sweden"]
[Date "2023.07.01"]
[Round "1.2"]
[White "Knudsen, Andre"]
[Black "Svensson, Hakan"]
[Result "1-0"]
[TimeControl "90 minutes for 40 moves + 30 minutes for the rest of games + 30 seconds per move from move one."]
[WhiteElo "1842"]
[BlackElo "2054"]

1. d4 d5 2. Nf3 Nf6 3. c4 e6 4. Nc3 c5 5. e3 Nc6 6. Be2 dxc4 7. O-O a6 8. a4 Qc7 9. Bxc4 Be7 10.
d5 exd5 11. Nxd5 Nxd5 12. Bxd5 O-O 13. Qe2 Nb4 14. Bb3 Bf6 15. h3 Bf5 16. Rd1 Rfd8 17. Bc4 Rxd1+ 18. Qxd1 Rd8 19. Qe2 Bc2 20.
Nd2 Bd3 21. Bxd3 Rxd3 22. Ne4 Qc6 23. f3 Be7 24. Nf2 Rb3 25. e4 c4 26. Be3 Bf6 27. Rd1 h6 28. Bd4 Bxd4 29. Rxd4 Nd3 30.
Nd1 Qb6 31. Qe3 Nxb2 32. Qf2 Nd3 33. Qe3 Nc1 34. a5 Rxe3 35. axb6 Ne2+ 36. Kf2 Nxd4 37. Kxe3 Nc2+ 38. Kd2 Na3 39.
Ne3 Kf8 40. Kc3 Ke7 41. Kb4 Nb5 42. Nxc4 g5 43. Kc5 f6 44. Na5 Nd6 45. Nb3 Ke6 46. Nd4+ Ke5 47. g3 Nf7 48. Nc6 Ke6 49.
f4 Nd6 50. Nd4+ Kd7 51. e5 fxe5 52. fxe5 Ne4+ 53. Kd5 Nxg3 54. e6+ Ke8 55. Kd6 Ne4+ 56. Kc7 Nc5 57. Kd6 Na4 58. Nf5 1-0

[ePGN "0.1;DGT LiveChess/2.2.5"]

[Event "Schack-SM 2023: Junior-SM"]
[Site "Helsingborg Arena, Mellersta Stenbocksgatan 14, Helsingborg, Sweden"]
[Date "2023.07.01"]
[Round "1.1"]
[White "Ostlund, Joar"]
[Black "Carlsson, Ludvig"]
[Result "0-1"]
[TimeControl "90 minutes for 40 moves + 30 minutes for the rest of the game + 30 seconds per move from move one."]
[WhiteTitle "CM"]
[BlackTitle "IM"]
[WhiteElo "2265"]
[BlackElo "2373"]

1. d4 d5 2. c4 c6 3. Nf3 Nf6 4. Nc3 dxc4 5. a4 Bf5 6. Ne5 Na6 7. f3 Nd7 8. Nxd7 Bxd7 9. e4 e5 10.
Bxc4 exd4 11. Qxd4 Nb4 12. Qe5+ Be6 13. Bg5 Nc2+ 14. Kf2 Qb6+ 15. Kg3 Qc5 16. Qxc5 Bxc5 17. Rac1 Bxc4 18. Rxc2 f6 19.
Nb1 Bd6+ 20. Bf4 Bb3 21. Rc3 Bxf4+ 22. Kxf4 Bxa4 23. Na3 a6 24. Ra1 O-O-O 25. b3 Bb5 26. Nxb5 axb5 27. b4 Kc7 28.
Rac1 Rd4 29. Rb3 Rhd8 30. h4 Rc4 31. Rcb1 Rdd4 32. Kf5 Kd6 33. h5 Ke7 34. Ra3 Kf7 0-1

[Event "Schack-SM 2023: Mastarklassen"]
[Site "Helsingborg Arena, Mellersta Stenbocksgatan 14, Helsingborg, Sweden"]
[Date "2023.07.01"]
[Round "1.4"]
[White "Nilsson, Patrik 1978"]
[Black "Nylen, Anders"]
[Result "1-0"]
[TimeControl "90 minutes for 40 moves + 30 minutes for the rest of games + 30 seconds per move from move one."]
[WhiteElo "2167"]
[BlackElo "2094"]

1. d4 Nf6 2. Bf4 g6 3. Nc3 d5 4. e3 Bg7 5. h4 h6 6. Nf3 Bf5 7. Ne5 Ne4 8. Nxe4 Bxe4 9. f3 Bf5 10.
g4 Be6 11. Qd2 Nd7 12. Nxd7 Qxd7 13. O-O-O O-O 14. Bd3 Qa4 15. Kb1 c5 16. c3 Qd7 17. Bc2 Rad8 18. h5 g5 19. Bxg5 f5 20.
Bf4 Rf6 21. g5 hxg5 22. Bxg5 Rf7 23. Rdg1 Kh8 24. h6 Bf6 25. Bxf6+ Rxf6 26. Qg2 Rf7 27. h7 Qe8 28. Qg8+ 1-0

[Event "Schack-SM 2023: Veteran-SM 65+"]
[Site "Helsingborg Arena, Mellersta Stenbocksgatan 14, Helsingborg, Sweden"]
[Date "2023.07.01"]
[Round "1.3"]
[White "Hedin, Gunnar"]
[Black "Olsson, Thomas"]
[Result "1/2-1/2"]
[TimeControl "90 minutes for 40 moves + 30 minutes for the rest of games + 30 seconds per move from move one."]
[WhiteElo "2093"]
[BlackElo "1874"]

1. d4 Nf6 2. c4 d6 3. Nc3 g6 4. e4 Bg7 5. h3 c6 6. Be3 Qa5 7. Qd2 Nbd7 8. Nf3 O-O 9. Rb1 e5 10.
b4 Qc7 11. d5 cxd5 12. cxd5 Nb6 13. Nb5 Qd8 14. Bd3 Ne8 15. g4 Bd7 16. Rg1 Bxb5 17. Bxb5 Rc8 18. Rc1 Rxc1+ 19. Qxc1 Nf6 20.
Nd2 Nfd7 21. Nb3 Qb8 22. Na5 Rc8 23. Qd2 Rc7 24. Ke2 Bf6 25. g5 Bd8 26. Rc1 a6 27. Bd3 Qc8 28. Rxc7 Qxc7 29.
Qc1 Qb8 30. h4 Nc8 31. Kd1 Bb6 32. Bxb6 Ndxb6 33. Bf1 Na7 34. Qc2 Nb5 35. Bxb5 axb5 36. Qd3 Na4 37. Kd2 Qc7 38. Qc2 Qb6 39.
Ke2 Qd4 40. Nxb7 Qxb4 41. f3 1/2-1/2

[Event "Schack-SM 2023: Veteran-SM 50+"]
[Site "Helsingborg Arena, Mellersta Stenbocksgatan 14, Helsingborg, Sweden"]
[Date "2023.07.01"]
[Round "1.3"]
[White "Gamback, Bjorn"]
[Black "Johansson, Ingemar 1966"]
[Result "1-0"]
[TimeControl "90 minutes for 40 moves + 30 minutes for the rest of games + 30 seconds per move from move one."]
[WhiteTitle "CM"]
[WhiteElo "2048"]
[BlackElo "1839"]

1. e4 e6 2. d4 d5 3. e5 c5 4. Nf3 Qb6 5. Bd3 Nc6 6. O-O cxd4 7. Nbd2 Nge7 8. Nb3 Ng6 9. Re1 Bd7 10.
h4 Qc7 11. Qe2 Bb4 12. Bd2 Bxd2 13. Nbxd2 Nf4 14. Qf1 Nxd3 15. cxd3 O-O 16. Nb3 Qb6 17. Qe2 Qb4 18. Rac1 b6 19.
Rc2 a5 20. Rec1 Rfc8 21. Ng5 h6 22. Nh3 Qa4 23. Na1 Qxa2 24. Nf4 Ne7 25. Qd1 Rxc2 26. Rxc2 Ba4 27. b3 Bxb3 28. Nxb3 Qa4 29.
Rc7 Qb4 30. g4 a4 31. Na1 Kf8 32. g5 hxg5 33. hxg5 g6 34. Nc2 Qb2 35. Qf3 Ke8 36. Nxg6 Qc1+ 37. Kh2 Nf5 38. Qh5 1-0

[Event "Schack-SM 2023: Junior-SM"]
[Site "Helsingborg Arena, Mellersta Stenbocksgatan 14, Helsingborg, Sweden"]
[Date "2023.07.01"]
[Round "1.2"]
[White "Wernberg, Hugo"]
[Black "Joensson, Oscar"]
[Result "1/2-1/2"]
[TimeControl "90 minutes for 40 moves + 30 minutes for the rest of the game + 30 seconds per move from move one."]
[WhiteTitle "FM"]
[WhiteElo "2217"]
[BlackElo "2077"]

1. d4 Nf6 2. c4 g6 3. Nf3 Bg7 4. g3 O-O 5. Bg2 d6 6. Nc3 Nc6 7. d5 Na5 8. Nd2 c5 9. O-O e6 10.
Rb1 exd5 11. cxd5 b6 12. Nde4 Nxe4 13. Nxe4 Bf5 14. Bg5 f6 15. Bf4 Bxe4 16. Bxe4 f5 17. Bg2 Nc4 18. Qc2 b5 19.
Bc1 Qd7 20. e4 Rae8 21. Bh3 Bd4 22. Kh1 Qf7 23. b3 Nb6 24. Bh6 Bg7 25. Bxg7 Kxg7 26. f3 Re5 27. Bg2 fxe4 28. fxe4 Qe7 29.
Rxf8 Qxf8 30. Rf1 Qe7 31. a4 a6 32. axb5 axb5 33. Ra1 Nxd5 34. Qd2 Nf6 35. Qa5 Nxe4 36. Qxb5 Nf2+ 37. Kg1 Re1+ 38.
Rxe1 Qxe1+ 39. Bf1 Kh6 40. Qc4 Qe3 41. Kg2 Kg7 42. Qa4 Ne4 43. Qd7+ Kh6 44. Bc4 Qf2+ 45. Kh1 Qf5 46. Qd8 Ng5 47.
Kg1 Qe5 48. Qf8+ Kh5 49. Qf1 Qf5 50. Qd1+ Qf3 51. Qxf3+ Nxf3+ 52. Kg2 Ne5 53. Bg8 h6 54. h4 g5 55. Kh3 gxh4 56.
gxh4 Ng6 57. Bf7 d5 58. Kg3 c4 59. bxc4 dxc4 60. Kf3 1/2-1/2

[Event "Schack-SM 2023: Mastarklassen"]
[Site "Helsingborg Arena, Mellersta Stenbocksgatan 14, Helsingborg, Sweden"]
[Date "2023.07.01"]
[Round "1.5"]
[White "Joensson, Jacob"]
[Black "Mardell, Jimmy"]
[Result "1/2-1/2"]
[TimeControl "90 minutes for 40 moves + 30 minutes for the rest of games + 30 seconds per move from move one."]
[WhiteElo "2039"]
[BlackElo "2160"]

1. d4 d5 2. c4 c6 3. Nf3 Nf6 4. Nc3 e6 5. Bg5 h6 6. Bxf6 Qxf6 7. e3 Nd7 8. Bd3 Bb4 9. O-O dxc4 10.
Bxc4 O-O 11. Ne4 Qe7 12. a3 Bd6 13. Rc1 Bc7 14. Ba2 a5 15. Qc2 Bb8 16. Rfd1 e5 17. d5 cxd5 18. Rxd5 Ra6 19.
Qd2 Nf6 20. Nxf6+ Rxf6 21. Rdc5 Bg4 22. Ne1 b6 23. Rc6 Rxc6 24. Rxc6 Rd8 25. Qc3 e4 26. h3 Be5 27. Qc2 Bd1 28. Qc1 Ba4 29. Rc8 Qd7 30. Rxd8+ Qxd8 31. Bxf7+ Kxf7 32. Qc4+ Kf8 33. Qxa4 Qd2 34.
Kf1 Bxb2 35. Qxe4 Bxa3 36. Qa8+ Kf7 37. Qf3+ Kg8 38. Qe2 Qxe2+ 39. Kxe2 Kf7 40. Kd3 b5 41. Nc2 Bb2 42. Nd4 Bxd4 43.
Kxd4 a4 44. e4 g5 45. g3 h5 46. f3 Ke7 47. h4 gxh4 48. gxh4 b4 49. Kc4 a3 50. Kb3 Ke6 51. f4 Kf6 1/2-1/2

[Event "Schack-SM 2023: Veteran-SM 65+"]
[Site "Helsingborg Arena, Mellersta Stenbocksgatan 14, Helsingborg, Sweden"]
[Date "2023.07.01"]
[Round "1.4"]
[White "Kvarby, Anders"]
[Black "Malmdin, Nils-Ake"]
[Result "0-1"]
[TimeControl "90 minutes for 40 moves + 30 minutes for the rest of games + 30 seconds per move from move one."]
[BlackTitle "FM"]
[WhiteElo "1847"]
[BlackElo "2091"]

1. d4 Nf6 2. Bf4 d6 3. Nc3 a6 4. e4 g6 5. f3 Nc6 6. a3 b5 7. Qd2 Rb8 8. Nge2 h5 9. d5 Ne5 10.
Nd4 Bd7 11. b4 Bg7 12. Rb1 h4 13. Bg5 h3 14. f4 hxg2 15. Bxg2 Nc4 16. Qd3 Ng4 17. h3 Nge3 0-1

[Event "Schack-SM 2023: Veteran-SM 50+"]
[Site "Helsingborg Arena, Mellersta Stenbocksgatan 14, Helsingborg, Sweden"]
[Date "2023.07.01"]
[Round "1.4"]
[White "Traff, Par"]
[Black "Eriksson, Bengt"]
[Result "0-1"]
[TimeControl "90 minutes for 40 moves + 30 minutes for the rest of games + 30 seconds per move from move one."]
[WhiteElo "1791"]
[BlackElo "2016"]

1. d4 Nf6 2. c4 e5 3. dxe5 Ng4 4. Nf3 Bc5 5. e3 Nc6 6. e6 fxe6 7. Be2 O-O 8. Nc3 a5 9. Ne4 Ba7 10.
h3 Nf6 11. Ng3 e5 12. e4 d6 13. O-O Kh8 14. Qb3 a4 15. Qd3 Nd7 16. Be3 Nc5 17. Qd2 Ne6 18. Bxa7 Rxa7 19. b4 axb3 20.
axb3 Rxa1 21. Rxa1 Ned4 22. Nxd4 Nxd4 23. Bd1 Bd7 24. Ra2 Qh4 25. Kh2 g5 26. f3 Kg7 27. Nh1 Kg6 28. Nf2 Qh6 29.
Ng4 Qg7 30. Ne3 h5 31. Ra7 Rb8 32. Nd5 c6 33. Ne3 Qf7 34. Nf1 Be6 35. Qd3 c5 36. Qe3 Bd7 37. Nd2 Ne6 38. Nb1 Nf4 39.
Nc3 Be6 40. Ra2 Rh8 41. Rd2 Rd8 42. Nd5 Qd7 43. Bc2 Bxh3 44. Qg1 Be6 45. Nb6 Qc7 46. Na4 h4 47. Qd1 Nh5 48. Nc3 Qf7 49.
Nd5 Bxd5 50. Rxd5 Qf8 51. Qd2 Nf4 52. Qe3 Nxd5 53. exd5+ Kh6 54. Qd3 Qg7 55. Qd2 Qf6 56. Qd3 Qf4+ 57.
Kg1 e4 58. Qxe4 Qxe4 59. Bxe4 b6 60. g3 hxg3 61. Kg2 Ra8 62. Kxg3 Ra3 63. Kg4 Rxb3 64. Kf5 b5 65. Ke6 bxc4 66.
Kxd6 c3 67. Kc7 Rb2 68. d6 c2 69. d7 c1=Q 70. d8=Q Qf4+ 71. Kc6 Qe5 72. Qf8 Kh5 73. Qxc5 Qxc5+ 74. Kxc5 Kh4 75. Kd4 Rb3 76.
Bd5 Ra3 77. Ke4 Kg3 0-1

[ePGN "0.1;DGT LiveChess/2.2.5"]

[Event "Schack-SM 2023: Sverigemastarklassen"]
[Site "Helsingborg Arena, Mellersta Stenbocksgatan 14, Helsingborg, Sweden"]
[Date "2023.07.01"]
[Round "1.1"]
[White "Hillarp Persson, Tiger"]
[Black "Olsson, William"]
[Result "1/2-1/2"]
[TimeControl "90 minutes for 40 moves + 30 minutes for the rest of the game + 30 seconds per move from move one."]
[WhiteTitle "GM"]
[BlackTitle "FM"]
[WhiteElo "2493"]
[BlackElo "2383"]

1. Nf3 d5 2. c4 c6 3. g3 Nf6 4. Bg2 dxc4 5. O-O Nbd7 6. Qc2 Nb6 7. Na3 Be6 8. b3 cxb3 9. axb3 g6 10.
Nc4 Bg7 11. Na5 Qc8 12. Ba3 Bd5 13. Rac1 Qc7 14. Rfe1 Nc8 15. Nc4 O-O 16. e4 Be6 17. d4 Rd8 18. h3 a5 19. Bb2 a4 20.
bxa4 Bxc4 21. Qxc4 Nd6 22. Qc2 Ndxe4 23. Rxe4 Nxe4 24. Qxe4 Rxa4 25. h4 Bf6 26. Qc2 Qa5 27. Bc3 Qa7 28.
Bf1 Ra3 29. Kg2 Qa4 30. Qe4 c5 31. Qxb7 cxd4 32. Bd2 Qa8 33. Qxa8 Raxa8 34. Rc7 Rac8 35. Ra7 Kg7 36. g4 d3 37.
Ra3 e5 38. Bxd3 Be7 39. Rb3 Rxd3 40. Rxd3 e4 41. Rd7 exf3+ 42. Kg3 Kf8 43. h5 Ke8 44. Rb7 Rd8 45. Be3 Rd5 46. hxg6 hxg6 47.
Kxf3 f6 48. Ke4 Re5+ 49. Kd3 Rd5+ 50. Kc4 Rd7 51. Rxd7 1/2-1/2

[Event "Schack-SM 2023: Junior-SM"]
[Site "Helsingborg Arena, Mellersta Stenbocksgatan 14, Helsingborg, Sweden"]
[Date "2023.07.01"]
[Round "1.3"]
[White "Strom-Engdahl, Alexander"]
[Black "Falkevall, Axel"]
[Result "1/2-1/2"]
[TimeControl "90 minutes for 40 moves + 30 minutes for the rest of the game + 30 seconds per move from move one."]
[BlackTitle "FM"]
[WhiteElo "2120"]
[BlackElo "2311"]

1. e4 e5 2. Nf3 Nc6 3. Bc4 Nf6 4. d3 Bc5 5. c3 a6 6. a4 d6 7. O-O Ba7 8. Re1 O-O 9. h3 h6 10. Nbd2 Re8 11. b4 Be6 12. Bxe6 Rxe6 13. Bb2 Ne7 14.
Nf1 Ng6 15. c4 c6 16. a5 Qd7 17. Ng3 Rae8 18. Nf5 d5 19. Qb3 Bb8 20. g3 Kh7 21. Rad1 d4 22. Rb1 Bc7 23. Ba3 Nf8 24. Bc1 Ng8 25.
Re2 g6 26. N5h4 Rf6 27. Kg2 Ne6 28. Nh2 h5 29. N4f3 Kg7 30. h4 Nf8 31. Ra2 Nh6 32.
b5 Ng4 33. bxa6 bxa6 34. c5 Nxh2 35. Nxh2 Rb8 36. Qc2 Rb5 37. Bd2 Re6 38. Nf3 f6 39.
Qc1 Kf7 40. Bh6 Qe8 41. Bxf8 Qxf8 42. Rxb5 cxb5 43. Nd2 Rc6 44.
Nb3 Kg7 45. Rc2 Bd8 46. f4 Qf7 47. Rb2 Bc7 48. Qf1 Qd7 49. f5 1/2-1/2

[Event "Schack-SM 2023: Mastarklassen"]
[Site "Helsingborg Arena, Mellersta Stenbocksgatan 14, Helsingborg, Sweden"]
[Date "2023.07.01"]
[Round "1.6"]
[White "Nygren, David"]
[Black "Troberg Eskola, Love"]
[Result "1-0"]
[TimeControl "90 minutes for 40 moves + 30 minutes for the rest of games + 30 seconds per move from move one."]
[WhiteElo "2157"]
[BlackElo "2038"]

1. d4 d6 2. e4 Nf6 3. Nc3 e5 4. f4 exd4 5. Qxd4 Nc6 6. Qf2 d5 7. exd5 Nxd5 8. Nxd5 Qxd5 9. Be3 Bf5 10.
Nf3 O-O-O 11. Be2 Re8 12. Ne5 Nb4 13. O-O Nxc2 14. Rac1 f6 15. Bf3 Qb5 16. Rxc2 Bxc2 17. Bg4+ f5 18.
Qxc2 fxg4 19. Qf5+ Kb8 20. Nd7+ Qxd7 21. Qxd7 Rxe3 22. Qd8# 1-0

[Event "Schack-SM 2023: Veteran-SM 50+"]
[Site "Helsingborg Arena, Mellersta Stenbocksgatan 14, Helsingborg, Sweden"]
[Date "2023.07.01"]
[Round "1.5"]
[White "Nurmi, Tommy"]
[Black "Andersson, Bjorn 1961"]
[Result "1/2-1/2"]
[TimeControl "90 minutes for 40 moves + 30 minutes for the rest of games + 30 seconds per move from move one."]
[WhiteElo "2010"]
[BlackElo "1791"]

1. c4 c6 2. Nc3 Nf6 3. Nf3 e6 4. d4 d5 5. e3 Be7 6. a3 O-O 7. Bd2 b6 8. b4 c5 9. bxc5 bxc5 10.
dxc5 Bxc5 11. cxd5 Nxd5 12. Ne4 Be7 13. Be2 Bb7 14. Qb1 Nb6 15. Bb4 h6 16. O-O Bxb4 17. axb4 Bxe4 18. Qxe4 Qd5 19.
Qb1 N8d7 20. Rd1 Qb7 21. Ba6 Qb8 22. e4 Ne5 23. Nxe5 Qxe5 24. Ra5 Qf6 25. Bf1 Qe7 26. Ra1 Rfd8 27.
Re1 Rd4 28. b5 Rad8 29. Qb3 R8d7 30. Rac1 Qd6 31. e5 Qe7 32. Qe3 Qb4 33. g3 Nd5 34. Rc8+ Kh7 35. Qc1 Ne7 36. Rc3 Rd2 37.
Rc2 Ng6 38. Rxd2 Rxd2 39. Re3 Qd4 40. Qe1 Rd1 41. Qe2 Qa1 42. h4 Nxe5 43. Rxe5 Rxf1+ 44. Qxf1 Qxe5 45. b6 axb6 46. Qb1+ g6 47.
Qxb6 Kg7 48. Qb3 h5 49. Qb6 g5 50. hxg5 Qxg5 51. Qd4+ e5 52. Qe4 h4 53. g4 Qf4 54. Qxf4 exf4 55.
Kg2 Kg6 56. Kh3 Kg5 57. f3 f6 58. Kg2 f5 59. gxf5 Kxf5 60. Kh3 Kg5 61. Kh2 Kf5 62. Kh3 1/2-1/2